AoeStats
← yangcongze30

MegaRandom

510182186Analyzed
4v4 RM · 1d ago on Sep 29, 2026· 56m 26s· 8 players
Game mode
Random Map
Map size
Large (8 player)
Population
200
Speed
Normal
Resources
Standard
Victory
Conquest
Starting age
Dark Age
Ending age
Imperial Age
RankedLock teamsTeams togetherTeam positionsShared explorationLock speedFull tech treeHidden civsTurbo modeCheats
Victory
Defeat
🇮🇹 Bohemians · Italy
1114
+15
🇦🇷 Mongols · Argentina
1111
+15
🇹🇼 Slavs · Taiwan
1046
+18
🇨🇱 Maya · Chile
1018
+18
🇨🇿 Persians · Czechia
1110
-18
🇫🇷 Mongols · France
1074
-16
🇫🇷 Chinese · France
1074
-16
🇩🇪 Vietnamese · Germany
1073
-16
xXTOUROXx
0:42 Loom
12:13 Feudal Age
18:45 Double-Bit Axe
21:20 Castle Age
19:44 Scale Mail Armor
21:45 Pikeman
29:26 Stone Mining
32:30 Chain Mail Armor
33:34 Fletching
34:08 Gold Mining
34:22 Town Watch
35:17 Stone Shaft Mining
35:03 Padded Archer Armor
35:29 Bodkin Arrow
36:33 Ballistics
37:41 Leather Archer Armor
39:33 Thumb Ring
43:58 Imperial Age
Hypérion
10:32 Feudal Age
14:05 Loom
16:56 Castle Age
15:11 Double-Bit Axe
18:12 Bow Saw
17:43 Horse Collar
21:34 Fletching
21:44 Padded Archer Armor
22:14 Heavy Plow
22:11 Bodkin Arrow
25:58 Gold Mining
27:35 Bloodlines
29:06 Ballistics
28:48 Husbandry
30:09 Wheelbarrow
37:26 Imperial Age
37:44 Thumb Ring
38:20 Gold Shaft Mining
38:18 Bracer
38:56 Elite Mangudai
41:12 Chemistry
40:29 Leather Archer Armor
41:01 Parthian Tactics
42:25 Conscription
54:55 Hand Cart
marek.rihu
4:45 Loom
11:46 Feudal Age
12:41 Gold Mining
18:28 Castle Age
20:00 Pikeman
26:05 Wheelbarrow
25:49 Double-Bit Axe
26:46 Fletching
26:57 Padded Archer Armor
28:15 Bow Saw
29:35 Bodkin Arrow
29:55 Leather Archer Armor
31:51 Bloodlines
42:37 Parthian Tactics
46:40 Hand Cart
53:11 Thumb Ring
SoldatFou
0:30 Loom
13:02 Feudal Age
17:50 Castle Age
18:18 Double-Bit Axe
19:11 Wheelbarrow
18:17 Horse Collar
18:30 Stone Mining
18:30 Gold Mining
22:04 Ballistics
23:14 Fletching
23:39 Gold Mining
25:49 Bodkin Arrow
29:21 Padded Archer Armor
31:14 Thumb Ring
32:15 Bow Saw
36:09 Imperial Age
35:27 Leather Archer Armor
37:00 Elite Chu Ko Nu
38:52 Chemistry
38:05 Bracer
39:25 Heavy Plow
41:17 Ring Archer Armor
42:03 Scale Mail Armor
46:12 Pikeman
47:06 Forging
47:12 Chain Mail Armor
47:01 Squires
46:47 Arson
47:09 Halberdier
49:06 Iron Casting
50:41 Two-Man Saw
50:58 Blast Furnace
50:31 Plate Mail Armor
53:31 Cavalier
54:12 Husbandry
55:14 Bloodlines
54:31 Light Cavalry
55:59 Plate Mail Armor
55:37 Scale Barding Armor
yangcongze30
5:36 Loom
12:07 Feudal Age
16:05 Castle Age
15:30 Double-Bit Axe
18:44 Fervor
20:14 Sanctity
22:34 Horse Collar
23:06 Bow Saw
24:43 Wheelbarrow
27:48 Hand Cart
28:18 Heavy Plow
29:03 Wagenburg Tactics
32:28 Imperial Age
33:35 Fletching
34:48 Chemistry
33:42 Elite Skirmisher
35:37 Bodkin Arrow
36:46 Ballistics
37:19 Conscription
37:34 Bracer
37:36 Padded Archer Armor
39:13 Leather Archer Armor
40:54 Two-Man Saw
43:06 Ring Archer Armor
43:21 Masonry
45:03 Architecture
45:17 Houfnice
46:29 Siege Engineers
51:23 Caravan
51:37 Guilds
monkeyken7414
1:18 Loom
11:59 Feudal Age
16:23 Castle Age
14:24 Horse Collar
16:14 Forging
19:48 Double-Bit Axe
26:29 Wheelbarrow
26:47 Heavy Plow
26:43 Gold Mining
26:55 Fletching
27:42 Stone Mining
29:36 Gold Shaft Mining
29:35 Town Watch
32:42 Imperial Age
30:46 Scale Barding Armor
30:44 Husbandry
30:08 Pikeman
30:48 Squires
32:09 Scale Mail Armor
32:45 Iron Casting
32:32 Hand Cart
33:09 Bodkin Arrow
33:46 Conscription
32:57 Halberdier
33:54 Bow Saw
35:15 Chain Mail Armor
36:00 Blast Furnace
36:47 Plate Mail Armor
36:31 Druzhina
38:03 Chain Barding Armor
37:56 Bloodlines
38:21 Crop Rotation
38:58 Two-Man Saw
38:44 Elite Boyar
40:47 Plate Barding Armor
42:39 Chemistry
catstorm
0:30 Loom
11:11 Feudal Age
15:04 Double-Bit Axe
17:51 Castle Age
16:19 Fletching
16:52 Stone Mining
17:13 Horse Collar
18:27 Gold Mining
22:29 Heavy Plow
24:21 Wheelbarrow
23:34 Crossbowman
27:15 Town Watch
27:45 Elite Skirmisher
30:08 Bow Saw
30:00 Arson
36:00 Imperial Age
33:15 Pikeman
33:56 Squires
35:00 Squires
35:16 Forging
35:02 Bodkin Arrow
34:51 Treadmill Crane
35:07 Murder Holes
35:33 Ballistics
35:40 Eagle Warrior
36:24 Hul'che Javelineers
36:23 Capped Ram
37:40 Scale Mail Armor
38:23 Conscription
39:05 Bracer
39:06 Padded Archer Armor
39:15 Thumb Ring
40:52 Leather Archer Armor
41:13 Iron Casting
41:12 Elite Eagle Warrior
42:31 Conscription
43:01 Chain Mail Armor
46:07 Hoardings
48:17 Ring Archer Armor
48:48 Blast Furnace
locodecano
6:50 Loom
10:04 Feudal Age
13:29 Bloodlines
15:38 Forging
18:07 Scale Barding Armor
24:19 Castle Age
22:55 Wheelbarrow
22:40 Gold Mining
22:56 Double-Bit Axe
24:04 Horse Collar
25:36 Stone Mining
27:26 Husbandry
29:16 Heavy Plow
30:02 Bow Saw
30:29 Hand Cart
31:56 Gold Shaft Mining
32:29 Iron Casting
35:43 Fletching
36:31 Chain Barding Armor
36:44 Bodkin Arrow
37:47 Padded Archer Armor
38:50 Ballistics
42:36 Leather Archer Armor
46:01 Imperial Age
44:03 Scale Mail Armor
44:16 Elite Skirmisher
45:04 Thumb Ring
44:49 Elite Skirmisher
47:21 Parthian Tactics
47:00 Bracer
48:02 Chemistry
47:27 Conscription
49:00 Drill
48:49 Elite Mangudai
49:32 Heavy Cavalry Archer
52:08 Blast Furnace
55:25 Elite Steppe Lancer
Connection lost

Rejoining the realm…

Still unreachable

The connection could not be restored.

Session expired

The server has moved on; the page needs a fresh start.